 Dungeon Crawl Stone Soup version 0.26-a0-1132-ge9770dfcb6 (webtiles) character file.

Game seed: 225781697889499358

1815 vvl the Grappler (level 8, -8/80 HPs)
             Began as a Troll Monk on Dec 21, 2020.
             Was a Priest of Kikubaaqudgha.
             Mangled by a komodo dragon (31 damage)
             ... on level 6 of the Dungeon.
             The game lasted 00:12:32 (4045 turns).

vvl the Grappler (Troll Monk)                       Turns: 4045, Time: 00:12:33

Health: -8/80      AC:  6    Str: 22    XL:     8   Next: 85%
Magic:  7/7        EV: 11    Int:  6    God:    Kikubaaqudgha [***...]
Gold:   383        SH:  0    Dex: 12    Spells: 7/7 levels left

rFire    . . .     SeeInvis .     - Unarmed
rCold    . . .     Faith    .   (no shield)
rNeg     . . .     Spirit   .   a - +0 robe
rPois    .         Reflect  .   (helmet restricted)
rElec    .         Harm     .   (no cloak)
rCorr    .         Rampage  .   (gloves unavailable)
Will     .....                  (boots unavailable)
Stlth    ++........             (no amulet)
HPRegen  0.63/turn              (no ring)
MPRegen  0.10/turn              (no ring)

@: no status effects
A: large, unfitting armour, claws 3, regeneration 1, shaggy fur 1, tough skin 3
a: Renounce Religion, Receive Corpses


You were on level 6 of the Dungeon.
You worshipped Kikubaaqudgha.
Kikubaaqudgha was most pleased with you.
You visited 2 branches of the dungeon, and saw 7 of its levels.

You collected 383 gold pieces.

Inventory:

Hand Weapons
 n - a +0 whip
 A - a +0 whip of venom
 C - a +4 quarterstaff of chaos
Armour
 a - a +0 robe (worn)
 D - a +0 cloak
Jewellery
 d - an uncursed ring of stealth {unknown}
 f - a cursed ring of teleportation {unknown}
 q - an uncursed amulet of regeneration {unknown}
 u - an uncursed amulet of regeneration {unknown}
 y - a cursed ring of teleportation {unknown}
Wands
 B - a wand of flame (19)
 E - a wand of random effects (12)
Scrolls
 b - 3 scrolls of remove curse {unknown}
 e - 11 scrolls of identify {unknown}
 h - a scroll of magic mapping {unknown}
 k - 2 scrolls of fog {unknown}
 l - 4 scrolls of teleportation {unknown}
 o - a scroll of amnesia {unknown}
 s - a scroll of noise {unknown}
 t - 2 scrolls of enchant armour {unknown}
 x - a scroll of fear {unknown}
Potions
 c - a potion of might {unknown}
 g - 2 potions of haste
 i - 3 potions of brilliance {unknown}
 j - 3 potions of flight {unknown}
 m - 4 potions of curing {unknown}
 p - a potion of attraction {unknown}
 r - a potion of degeneration {unknown}
 v - 2 potions of lignification {unknown}
 w - a potion of heal wounds {unknown}
 z - a potion of resistance {unknown}


   Skills:
 - Level 5.0 Fighting
 + Level 3.7 Dodging
 - Level 1.0 Stealth
 * Level 9.4 Unarmed Combat
 + Level 2.6 Necromancy


You had 7 spell levels left.
You didn't know any spells.
Your spell library contained the following spells:

 Spells                   Type           Power        Failure   Level
 Animate Skeleton         Necr           6%           17%         1
 Pain                     Necr           12%          17%         1
 Sublimation of Blood     Necr           1%           26%         2
 Vampiric Draining        Necr           1%           45%         3
 Animate Dead             Necr           1%           86%         4
 Dispel Undead            Necr           3%           86%         4
 Excruciating Wounds      Necr           1%           99%         5
 Death Channel            Necr           1%           100%        6
 Simulacrum               Ice/Necr       0%           100%        6


Dungeon Overview and Level Annotations

Branches:
Dungeon (6/15)             Temple (1/1) D:4

Altars:
Dithmenos
Elyvilon
Gozag
Hepliaklqana
Kikubaaqudgha
Makhleb
Nemelex Xobeh
Okawaru
Ru
Sif Muna
Trog
Uskayaw
Vehumet
Xom
Yredelemnul
Zin
The Shining One


Innate Abilities, Weirdness & Mutations

You are too large for most types of armour.
You have claws for hands.
Your natural rate of healing is unusually fast.
You are covered in fur. (AC +1)
You have extremely tough skin. (AC +3)


Message History

You see here a bullfrog corpse.
A komodo dragon comes into view.
The komodo dragon hisses angrily.
The komodo dragon bites you.
You mangle the komodo dragon!!
The komodo dragon is heavily wounded.
The komodo dragon bites you!!
You claw the komodo dragon! Your claw misses the komodo dragon.
The komodo dragon is severely wounded.
The komodo dragon bites you!!
* * * LOW HITPOINT WARNING * * *
You are too injured to fight recklessly!
You are too injured to fight recklessly!
You are too injured to fight recklessly!
You are too injured to fight recklessly!
You scratch the komodo dragon.
The komodo dragon is almost dead.
The komodo dragon bites you!!
You die...
Kikubaaqudgha rasps: "You have failed me!
Welcome... death!"

#####.#######....#.###.###.......
......##....####.#...............
......##.....†...#######....####<
.....###.####....# #....# #.
..#### #....###### #....# #. ..#
#.........# #...## #. ..#
######....# ##.## #. ..# ####.#
#.## #. ..# #@# ##.# #. ..#
#.l...# #.## #. ..# ......# ##.#
#. ### ... ..#....# ##'## #.
##########...... ....# #...# ##
................ ....# #...#
###.......#+#### ....# #..)#
.#........# ....# #####
.#........#


You could see a komodo dragon.

Vanquished Creatures
  Grinder (D:6)
  An ice beast (D:6)
  A sky beast (D:3)
  An orc warrior (D:6)
  A phantom (D:4)
  2 ogres (D:5)
  3 bullfrogs (D:6)
  A scorpion (D:4)
  2 howler monkeys
  A quasit (D:6)
  2 bullfrog zombies
  A jelly (D:6)
  2 hounds (D:4)
  Crazy Yiuf (D:6)
  2 orc wizards
  Jessica (D:3)
  2 iguanas
  4 worker ants
  A hound zombie (D:5)
  2 hound skeletons
  Robin (D:2)
  3 gnolls (D:5)
  7 adders
  An ufetubus (D:6)
  2 oozes
  2 adder skeletons (D:4)
  3 worms
  2 dart slugs (D:3)
  5 leopard geckos
  24 orcs
  5 giant cockroaches
  17 goblins
  8 hobgoblins
  A jackal (D:5)
  7 quokkas
  6 bats
  8 frilled lizards
  A giant cockroach zombie (D:6)
  A jackal zombie (D:5)
  6 kobolds
  8 rats
150 creatures vanquished.

Notes
Turn   | Place    | Note
-------+----------+-------------------------------------------
     0 | D:1      | vvl the Troll Monk began the quest for the Orb.
     0 | D:1      | Reached XP level 1. HP: 22/22 MP: 0/0
    84 | D:1      | Reached XP level 2. HP: 29/29 MP: 1/1
   612 | D:2      | Found a glowing silver altar of Zin.
   612 | D:2      | Found a hide-covered altar of Uskayaw.
   638 | D:2      | Reached XP level 3. HP: 36/36 MP: 2/2
   688 | D:2      | Noticed Robin
   692 | D:2      | Reached skill level 4 in Unarmed Combat
   735 | D:2      | Killed Robin
   955 | D:2      | Reached XP level 4. HP: 45/45 MP: 3/3
  1231 | D:3      | Noticed Jessica
  1232 | D:3      | Killed Jessica
  1311 | D:3      | Reached skill level 5 in Unarmed Combat
  1328 | D:3      | Found an iron altar of Okawaru.
  1365 | D:3      | Reached XP level 5. HP: 53/53 MP: 4/4
  1459 | D:3      | Noticed a sky beast
  1494 | D:3      | Killed a sky beast
  1552 | D:3      | Reached XP level 6. HP: 62/62 MP: 5/5
  1756 | D:4      | Reached skill level 6 in Unarmed Combat
  1826 | D:4      | Found a staircase to the Ecumenical Temple.
  1889 | Temple   | Entered the Ecumenical Temple
  2094 | Temple   | Became a worshipper of Kikubaaqudgha
  2094 | Temple   | Reached * piety under Kikubaaqudgha
  2094 | Temple   | Identified Kikubaaqudgha's Reference Book on Unholy Arts
                  | (Kikubaaqudgha gifted it to you in the Ecumenical Temple)
  2094 | Temple   | Received a gift from Kikubaaqudgha
  2094 | Temple   | Reached ** piety under Kikubaaqudgha
  2188 | D:4      | Reached XP level 7. HP: 68/70 MP: 6/6
  2331 | D:4      | Reached skill level 7 in Unarmed Combat
  2352 | D:4      | Found a hazy altar of Hepliaklqana.
  2516 | D:5      | Entered Level 5 of the Dungeon
  2922 | D:5      | Reached skill level 8 in Unarmed Combat
  2953 | D:5      | Reached skill level 5 in Fighting
  2965 | D:5      | Found a glowing golden altar of the Shining One.
  3107 | D:5      | Reached XP level 8. HP: 42/80 MP: 7/7
  3372 | D:6      | Reached skill level 1 in Necromancy
  3411 | D:6      | Reached *** piety under Kikubaaqudgha
  3411 | D:6      | Identified Kikubaaqudgha's Incunabulum of Sinister Arts
                  | (Kikubaaqudgha gifted it to you on level 6 of the Dungeon)
  3411 | D:6      | Received a gift from Kikubaaqudgha
  3491 | D:6      | Found a runed translucent door.
  3492 | D:6      | Noticed Crazy Yiuf
  3538 | D:6      | Killed Crazy Yiuf
  3676 | D:6      | Reached skill level 9 in Unarmed Combat
  3939 | D:6      | Noticed Grinder
  3954 | D:6      | Killed Grinder
  4040 | D:6      | Noticed a komodo dragon
  4045 | D:6      | Mangled by a komodo dragon

Illustrated notes

Levels and vault maps discovered:
D:1:      lightli_arrival_chessboard, layout_basic,
          chequers_serial_rivers_small_a
D:2:      layout_basic, gammafunk_temple_overflow_wave, uniq_robin
D:3:      layout_rooms, okawaru_gym_becter, uniq_jessica
D:4:      layout_basic, general_overflow_altar, temple_fountains,
          kennysheep_generic_room_4
D:5:      minmay_recursive_quarters, layout_rooms, tso_metal_star
D:6:      minmay_angry_zag, layout_basic, uniq_crazy_yiuf_cottage, uniq_grinder
Temple:   hc_temple_tempest_star

Skill      XL: |  1  2  3  4  5  6  7  8 |
---------------+-------------------------+-----
Unarmed Combat | 4 5 6 8 9 |  9.4
Fighting       | 3 4 5 |  5.0
Necromancy     | 2 |  2.6
Dodging        | 3 |  3.7
Stealth        | |  1.0

Action                   |  1- 3 |  4- 6 |  7- 9 || total
-------------------------+-------+-------+-------++-------
Melee: Unarmed           |   103 |   123 |   172 ||   398
       Punch             |       |     1 |     9 ||    10
 Stab: Sleeping          |     1 |     1 |     3 ||     5
Armor: Robe              |    55 |    48 |    63 ||   166
Dodge: Dodged            |    65 |    46 |    82 ||   193

Table legend: (Time is in decaauts)
 A = Elapsed time spent in this place.
 B = Non-inter-level travel time spent in this place.
 C = Inter-level travel time spent in this place.
 D = Time resting spent in this place.
 E = Time spent auto-exploring this place.
 F = Levels seen in this place.
 G = Mean time per level.
                   A        B        C        D        E       F      G
               +--------+--------+--------+--------+--------+-----+--------+
         Total |   3997 |   3705 |    292 |     21 |   2881 |   7 |  571.0 |
       Dungeon |   3783 |   3515 |    268 |     21 |   2695 |   6 |  630.5 |
        Temple |    213 |    189 |     24 |      0 |    186 |   1 |  213.0 |
               +--------+--------+--------+--------+--------+-----+--------+

Top non-repeatable levels by time:
     D:6: 803 daAuts
     D:2: 731 daAuts
     D:5: 702 daAuts
     D:4: 592 daAuts
     D:1: 490 daAuts
     D:3: 462 daAuts
  Temple: 213 daAuts
